 Dungeon Crawl Stone Soup version 0.27-a0-1139-g28e009f8a6 (webtiles) character file.

Game seed: 13992801772115988529

11 jestyr24 the Caller (level 2, -1/19 HPs)
             Began as a Merfolk Summoner on May 7, 2021.
             Slain by a kobold
             ... wielding a +0 dagger of flaming
              (2 damage)
             ... on level 1 of the Dungeon.
             The game lasted 00:05:18 (846 turns).

jestyr24 the Caller (Merfolk Summoner)               Turns: 846, Time: 00:05:18

Health: -1/19      AC:  2    Str:  8    XL:     2   Next: 29%
Magic:  4/5        EV: 12    Int: 14    God:
Gold:   29         SH:  0    Dex: 14    Spells: 4/5 levels left

rFire    . . .     SeeInvis .   b - +0 club
rCold    . . .     Faith    .   (no shield)
rNeg     . . .     Spirit   .   a - +0 robe
rPois    .         Reflect  .   (no helmet)
rElec    .         Harm     .   (no cloak)
rCorr    .         Rampage  .   (no gloves)
Will     .....                  (no boots)
Stlth    ++........             (no amulet)
HPRegen  0.06/turn              (no ring)
MPRegen  0.09/turn              (no ring)

@: no status effects
A: (nimble swimmer 2), mertail
a: no special abilities


You were on level 1 of the Dungeon.
You visited 1 branch of the dungeon, and saw 1 of its levels.

You collected 29 gold pieces.

Inventory:

Hand Weapons
 b - a +0 club (weapon)
Armour
 a - a +0 robe (worn)
Scrolls
 c - a scroll of summoning {unknown}


   Skills:
 + Level 2.7 Dodging
 + Level 2.1 Stealth
 + Level 2.4 Spellcasting
 + Level 4.2 Summonings


You had 4 spell levels left.
You knew the following spells:

 Your Spells              Type           Power      Damage    Failure   Level
a - Summon Small Mammal   Summ           52%        N/A       4%          1

Your spell library contained the following spells:

 Spells                   Type           Power      Damage    Failure   Level
 Call Imp                 Summ           13%        N/A       6%          2
 Call Canine Familiar     Summ           13%        N/A       12%         3
 Summon Guardian Golem    Hex/Summ       7%         N/A       28%         3
 Summon Ice Beast         Ice/Summ       7%         N/A       67%         4
 Summon Lightning Spire   Summ/Air       7%         N/A       67%         4


Dungeon Overview and Level Annotations

Branches:
Dungeon (1/15)

Altars:


Innate Abilities, Weirdness & Mutations

((You are quick and stealthy near water. (Stealth+, EV+, Speed+++)))
Your lower body shifts to a powerful aquatic tail in water.


Message History

Confirm with . or Enter, or press ? or * to list all spells.
The ball python misses you. The ball python barely misses you.
The ball python barely misses you. The ball python closely misses you.
You barely miss the ball python. The ball python bites you.
The ball python grabs you. The ball python constricts you.
The ball python closely misses you. The ball python constricts you.
You hit the ball python.
The ball python is heavily wounded.
The ball python bites you but does no damage.
The ball python constricts you.
Your rat bites the ball python.
The ball python dies!
Your magical contamination has completely faded away.
Magic restored.
Your rat disappears in a puff of smoke!
You now have 29 gold pieces (gained 9).
A kobold comes into view. It is wielding a +0 dagger of flaming.
The kobold shouts!
The kobold closely misses you.
Casting: Summon Small Mammal (safe; 4% risk of failure)
Confirm with . or Enter, or press ? or * to list all spells.
The kobold hits you with a +0 dagger of flaming.
The kobold burns you. The kobold misses you.
You hit the kobold but do no damage.
The kobold hits you with a +0 dagger of flaming.
The kobold burns you.
Your rat bites the kobold but does no damage.
The kobold hits you with a +0 dagger of flaming.
The kobold burns you.
You closely miss the kobold. Your rat misses the kobold.
The kobold hits you with a +0 dagger of flaming.
* * * LOW HITPOINT WARNING * * *
The kobold burns you.
* * * LOW HITPOINT WARNING * * *
Unknown command.
Your rat bites the kobold but does no damage.
You hit the kobold.
The kobold is heavily wounded.
The kobold hits you with a +0 dagger of flaming.
You die...

#..# #............ #..#
#..#####.##.# #..# #..#
#.##.# #.###..#####.##..
#.............#..
#.##########..###
##+##### #......##
#......###....#.##
#@Kr..........รทรทรท.
.............#......#..#
#######......#..........
######.#...##.....
#.######..... #.# #.....
#.##########.
#.#..........
#.#########


You could see a kobold (ally target) and a friendly rat (summoned).

Vanquished Creatures
  A jackal (D:1)
  A bat (D:1)
  2 rats (D:1)
4 creatures vanquished.

Vanquished Creatures (collateral kills)
  An endoplasm (D:1)
  2 hobgoblins (D:1)
  3 jackals (D:1)
  3 ball pythons (D:1)
  A goblin (D:1)
10 creatures vanquished.

Vanquished Creatures (others)
  A plant (D:1)
1 creature vanquished.

Grand Total: 15 creatures vanquished

Notes
Turn   | Place    | Note
-------+----------+-------------------------------------------
     0 | D:1      | jestyr24 the Merfolk Summoner began the quest for the Orb.
     0 | D:1      | Reached XP level 1. HP: 13/13 MP: 3/3
   297 | D:1      | Found a faded altar of an unknown god.
   539 | D:1      | Reached XP level 2. HP: 19/19 MP: 1/5
   846 | D:1      | Slain by a kobold

Illustrated notes

Levels and vault maps discovered:
D:1:      minmay_arrival_stair_chambers, layout_basic,
          shapermc_ecumenical_altar_mp_ritualfount, minmay_tiny_reverse_x

Action                   || total
-------------------------++-------
Melee: Unarmed           ||    10
       Club              ||    20
 Cast: Summon Small Mamm ||    16
 Stab: Distracted        ||     2
Armor: Robe              ||     5
Dodge: Dodged            ||    37

Table legend: (Time is in decaauts)
 A = Elapsed time spent in this place.
 B = Non-inter-level travel time spent in this place.
 C = Inter-level travel time spent in this place.
 D = Time resting spent in this place.
 E = Time spent auto-exploring this place.
 F = Levels seen in this place.
 G = Mean time per level.
                   A        B        C        D        E       F      G
               +--------+--------+--------+--------+--------+-----+--------+
         Total |    851 |    851 |      0 |    219 |    439 |   1 |  851.0 |
       Dungeon |    851 |    851 |      0 |    219 |    439 |   1 |  851.0 |
               +--------+--------+--------+--------+--------+-----+--------+

Top non-repeatable levels by time:
     D:1: 851 daAuts
